 Dungeon Crawl Stone Soup version 0.30-a0-948-g4fa250aae5 (webtiles) character file.

Game seed: 237527049681607656

57 voltaire321 the Charlatan (level 3, -2/27 HPs)
             Began as a Demonspawn Artificer on Mar 26, 2023.
             Slain by a hobgoblin (4 damage)
             ... led by Robin
             ... on level 2 of the Dungeon.
             The game lasted 00:03:30 (1391 turns).

voltaire321 the Charlatan (Demonspawn Artificer)    Turns: 1391, Time: 00:03:30

Health: -2/27      AC:  3    Str: 12    XL:     3   Next: 73%
Magic:  0/3        EV: 11    Int: 14    God:
Gold:   58         SH:  0    Dex: 13    Spells: 2/2 levels left

rFire   . . .      SeeInvis .    m - +0 whip (elec)
rCold   . . .      Faith    .    (no shield)
rNeg    . . .      Spirit   +    b - +0 leather armour
rPois   .          Reflect  .    (no helmet)
rElec   .          Rampage  .    (no cloak)
rCorr   .                        (no gloves)
Will    .....                    (no boots)
Stlth   ++                       (no amulet)
HPRegen 0.24/turn                (no ring)
MPRegen 0.16/turn                (no ring)

@: no status effects
A: magic shield, magic regeneration
a: no special abilities


You were on level 2 of the Dungeon.
You visited 1 branch of the dungeon, and saw 3 of its levels.

You collected 58 gold pieces.

Inventory:

Hand Weapons
 m - a +0 whip of electrocution (weapon)
Armour
 b - a +0 leather armour (worn)
Wands
 c - a wand of flame (10) (quivered)
 d - a wand of charming (13)
 e - a wand of iceblast (4)
Scrolls
 f - a scroll of noise {unknown}
 h - 2 scrolls of amnesia {unknown}
 j - a scroll of immolation {unknown}
 k - a scroll of identify {unknown}
 l - a scroll of teleportation {unknown}
Potions
 g - a potion of attraction {unknown}
 i - 2 potions of curing {unknown}


   Skills:
 + Level 1.8 Fighting
 + Level 2.2 Armour
 + Level 1.5 Dodging
 + Level 1.6 Stealth
 + Level 3.4 Evocations


You had 2 spell levels left.
You didn't know any spells.
Your spell library contained the following spells:

 Spells                   Type           Power      Damage    Failure   Level
 Lesser Beckoning         Tloc           0%         N/A       50%         2
 Gell's Gravitas          Tloc           0%         N/A       73%         3
 Teleport Other           Tloc           0%         N/A       73%         3


Dungeon Overview and Level Annotations

Branches:
Dungeon (3/15)

Altars:


Innate Abilities, Weirdness & Mutations

When hurt, damage is shared between your health and your magic reserves.
You regenerate magic rapidly.


Message History

You hit Robin but do no damage.
Robin is lightly wounded.
Robin hits you with a +0 club. The goblin barely misses you.
You hit Robin.
Robin is moderately wounded.
Robin points. "Kill!"
Robin closely misses you. The goblin barely misses you.
You barely miss Robin.
Robin is moderately wounded.
Robin hits you but does no damage. The goblin closely misses you.
You hit Robin.
Robin is heavily wounded.
Robin hits you with a +0 club. The goblin hits you with a +0 dagger.
You hit Robin.
Robin is severely wounded.
Robin closely misses you. The goblin hits you with a +0 dagger.
You hit Robin.
Robin is almost dead.
Robin hits you with a +0 club. The goblin barely misses you.
Robin hits you with a +0 club.
* * * LOW HITPOINT WARNING * * *
The goblin barely misses you.
You barely miss Robin.
Robin is almost dead.
Robin hits you but does no damage. The goblin barely misses you.
You barely miss Robin.
Robin is almost dead.
Robin hits you but does no damage. The goblin hits you with a +0 dagger.
* * * LOW HITPOINT WARNING * * *
You barely miss Robin.
Robin is almost dead.
Robin hits you with a +0 club. The goblin barely misses you.
You hit Robin.
You kill Robin!
The goblin no longer looks unusually strong.
The goblin hits you but does no damage.
You barely miss the goblin. The hobgoblin barely misses you.
The goblin barely misses you.
You barely miss the goblin. The hobgoblin hits you.
You die...

#.....# #
##.....#
####......#
#........##
##.########
#gg.......
#.########
#.#######
#.g@g...#
######
#######.## #..
.# #.....# #.#
.#
#.....###.##.#
#####.....#..#
###.†...#
#......###..
#..#......#
#......##.#


You could see a hobgoblin (strong) and a goblin.

Vanquished Creatures
  Robin (D:2)
  2 adders (D:2)
  2 orcs (D:3)
  3 endoplasms (D:1)
  3 giant cockroaches (D:1)
  4 goblins
  A hobgoblin (D:1)
  4 jackals (D:1)
  2 ball pythons
  2 bats (D:1)
24 creatures vanquished.

Vanquished Creatures (others)
  2 orcs (D:3)
2 creatures vanquished.

Grand Total: 26 creatures vanquished

Notes
Turn   | Place    | Note
-------+----------+-------------------------------------------
     0 | D:1      | voltaire321 the Demonspawn Artificer began the quest for
                  | the Orb.
     0 | D:1      | Reached XP level 1. HP: 15/15 MP: 1/1
   150 | D:1      | Reached skill level 1 in Dodging
   150 | D:1      | Reached skill level 1 in Stealth
   337 | D:1      | Gained mutation: You regenerate magic rapidly. [demonic
                  | ancestry]
   337 | D:1      | Reached XP level 2. HP: 19/21 MP: 2/2
  1045 | D:2      | Gained mutation: When hurt, damage is shared between your
                  | health and your magic reserves. [demonic ancestry]
  1045 | D:2      | Reached XP level 3. HP: 17/26 MP: 3/3
  1110 | D:2      | Noticed Robin
  1387 | D:2      | HP: 1/27 [goblin/+0 dagger[Robin] (5)]
  1389 | D:2      | Killed Robin
  1391 | D:2      | Slain by a hobgoblin

Illustrated notes

Levels and vault maps discovered:
D:1:      dpeg_arrival_rooms_b, layout_basic
D:2:      layout_basic, basic_altar, uniq_robin
D:3:      layout_basic, hellmonk_ecumenical_altar_prayer_group

Skill      XL: |  1  2 |
---------------+-------+-----
Dodging        | 1 |  1.5
Stealth        | 1 |  1.6
Armour         | 2 |  2.2
Fighting       | |  1.8
Evocations     | |  3.4

Action                     || total
---------------------------++-------
  Melee: Club              ||   123
         Whip              ||    27
         Punch             ||     1
  Evoke: Wand              ||     8
   Stab: Sleeping          ||     4
 Armour: Leather armour    ||    47
  Dodge: Dodged            ||   127

Table legend: (Time is in decaauts)
 A = Elapsed time spent in this place.
 B = Non-inter-level travel time spent in this place.
 C = Inter-level travel time spent in this place.
 D = Time resting spent in this place.
 E = Time spent auto-exploring this place.
 F = Levels seen in this place.
 G = Mean time per level.
                   A        B        C        D        E       F      G
               +--------+--------+--------+--------+--------+-----+--------+
         Total |   1430 |   1430 |      0 |    281 |    706 |   3 |  476.7 |
       Dungeon |   1430 |   1430 |      0 |    281 |    706 |   3 |  476.7 |
               +--------+--------+--------+--------+--------+-----+--------+

Top non-repeatable levels by time:
     D:1: 1024 daAuts
     D:2: 203 daAuts
     D:3: 202 daAuts
